Wiprows vs Ice Dragons
Created - 27 mars 2015 at 19:08
Goals
|
| Wiprows |
1 |
0 |
1 |
2 |
| Ice Dragons |
1 |
1 |
5 |
7 |
|
Shots
|
| Wiprows |
10 |
8 |
17 |
35 |
| Ice Dragons |
11 |
7 |
22 |
40 |
|
1st period
1. Wiprows , Jesse Winchester 25 (Jason Ryznar, Pavel Brendl) at 10:06
2. Ice Dragons , Cal Clutterbuck 30 (Shean Donovan) at 12:01 (SH)
Penalties :
Troy Brouwer (Kin) for Hooking (Minor) at 11:25, Troy Brouwer (Kin) for Tripping (Minor) at 13:35
2nd period
3. Ice Dragons , Shean Donovan 24 (Troy Brouwer, Patrick O'Sullivan) at 2:30
Penalties :
Thomas Hickey (Win) for Boarding (Minor) at 5:37, Nick Bonino (Win) for Holding (Minor) at 15:51
3rd period
4. Ice Dragons , John Mitchell 7 (Jonathan Blum, Shean Donovan) at 4:38
5. Wiprows , Pavel Brendl 4 (Jesse Winchester, Jason Ryznar) at 6:03
6. Ice Dragons , Shean Donovan 25 (Kevin Klein, Jonathan Blum) at 8:54
7. Ice Dragons , Patrick O'Sullivan 19 (Jeff Tambellini) at 13:25
8. Ice Dragons , Alexander Radulov 23 (Jeff Tambellini, Kevin Klein) at 14:59
9. Ice Dragons , Shean Donovan 26 (Samuel Groulx, John Mitchell) at 16:42
Penalties :
Matt Taormina (Win) for Holding (Minor) at 17:24
Goalie Stats
Braden Holtby (Win), 33 saves from 40 shots - (0,825), L, 16-24-7, 60:00 minutes
Anders Nilsson (Kin), 33 saves from 35 shots - (0,943), W, 8-7-3, 60:00 minutes
Players Stats for Wiprows
Player Name G A P +/- PIM S H SB GA TA FO MP PP MP PK MP
------------------------------------------------------------------------------------
Alec Martinez 0 0 0 -4 0 0 0 2 0 0 0/0 26:42 2:23 3:43
Arturs Kulda 0 0 0 0 0 3 1 2 1 0 0/0 19:18 1:35 2:14
Brandon Bollig 0 0 0 -4 0 2 2 0 0 1 0/0 11:42 0:00 1:01
Brendon Segal 0 0 0 -1 0 2 3 1 1 0 1/1 8:11 0:00 0:00
Chris Summers 0 0 0 0 0 0 0 0 0 0 0/0 0:00 0:00 0:00
Drayson Bowman 0 0 0 0 0 0 0 0 0 0 0/0 0:00 0:00 0:00
Gord Baldwin 0 0 0 0 0 0 1 1 0 2 0/0 19:18 1:35 2:14
Jason Ryznar 0 2 2 2 0 3 0 1 0 0 0/3 20:54 2:08 1:06
Jesse Winchester 1 1 2 2 0 4 5 0 0 1 19/36 21:34 2:08 1:47
Jiri Tlusty 0 0 0 -2 0 1 1 0 0 0 0/0 15:20 1:50 0:00
Jonathan Tremblay 0 0 0 -4 0 0 1 0 2 0 1/1 12:27 0:00 1:47
Jordan Szwarz 0 0 0 0 0 0 0 0 0 0 0/0 0:00 0:00 0:00
Kevin Connauton 0 0 0 -1 0 0 0 0 0 0 0/0 4:18 0:00 0:00
Linden Vey 0 0 0 0 0 0 0 0 0 0 0/0 0:00 0:00 0:00
Matt Bartkowski 0 0 0 0 0 0 0 0 0 0 0/0 0:00 0:00 0:00
Matt Beleskey 0 0 0 -1 0 5 1 0 1 0 0/0 8:11 0:00 0:00
Matt Donovan 0 0 0 0 0 0 1 1 0 0 0/0 10:37 0:00 0:55
Matt Taormina 0 0 0 -4 2 2 0 3 0 0 0/0 25:14 2:23 2:15
Maxime Macenauer 0 0 0 -1 0 1 1 0 0 0 2/3 8:11 0:00 0:00
Nazem Kadri 0 0 0 -2 0 1 0 3 2 1 8/14 15:41 1:50 0:21
Nick Bonino 0 0 0 -4 2 2 1 1 1 0 4/4 10:40 0:00 0:00
Oliver Lauridsen 0 0 0 -1 0 0 0 0 0 0 0/0 4:51 0:00 0:33
Pavel Brendl 1 1 2 2 0 9 2 0 0 0 2/5 22:44 2:08 2:53
T.J. Oshie 0 0 0 -2 0 0 0 1 1 1 0/0 18:23 1:50 2:59
Thomas Hickey 0 0 0 0 2 0 1 1 0 0 0/0 9:44 0:00 0:00
Players Stats for Ice Dragons
Player Name G A P +/- PIM S H SB GA TA FO MP PP MP PK MP
------------------------------------------------------------------------------------
Alexander Radulov 1 0 1 1 0 4 1 1 2 0 3/3 19:11 2:55 0:00
Cal Clutterbuck 1 0 1 0 0 2 5 1 1 0 0/1 18:52 2:58 0:58
Danny Syvret 0 0 0 0 0 0 1 0 0 0 0/0 6:27 2:56 1:30
Jeff Tambellini 0 2 2 2 0 4 3 0 0 0 0/0 20:37 2:55 1:25
Joe Callahan 0 0 0 4 0 1 2 1 0 3 0/0 27:00 3:01 2:28
John Mitchell 1 1 2 4 0 3 2 0 0 0 1/5 14:12 0:12 0:34
Jonathan Blum 0 2 2 1 0 3 1 0 0 2 0/0 29:05 2:29 0:00
Kevin Klein 0 2 2 3 0 2 1 2 1 0 0/0 24:48 3:01 2:28
Marc-Antoine Pouliot 0 0 0 -1 0 3 0 0 0 0 3/8 15:04 0:00 0:00
Nigel Dawes 0 0 0 -1 0 5 2 1 1 1 1/1 18:13 2:58 0:07
Oskar Osala 0 0 0 4 0 4 3 0 1 0 0/1 17:23 2:58 2:26
Patrick O'Sullivan 1 1 2 1 0 3 1 1 0 1 20/42 23:33 2:47 0:00
Raymond Sawada 0 0 0 0 0 0 0 0 0 0 0/0 6:17 0:04 0:00
Samuel Groulx 0 1 1 1 0 0 0 1 0 0 0/0 6:14 0:00 0:00
Shean Donovan 3 2 5 4 0 5 2 0 0 0 2/5 15:00 0:00 2:26
Tomas Kudelka 0 0 0 -1 0 0 1 1 0 2 0/0 8:53 0:27 0:00
Troy Brouwer 0 1 1 0 4 0 1 0 0 0 0/1 7:38 0:04 0:00
Tyler Eckford 0 0 0 2 0 1 3 0 0 0 0/0 17:33 0:00 1:30
3 Stars
1 - Shean Donovan (Kin)
2 - John Mitchell (Kin)
3 - Jesse Winchester (Win)
Power Play
Wiprows - 0 on 2 Attempt(s) - 0,00%
Ice Dragons - 0 on 3 Attempt(s) - 0,00%
Penalty Kill
Wiprows - 3 on 3 Attempt(s) - 100,00%
- Score 0 goal in Penalty Kill
Ice Dragons - 2 on 2 Attempt(s) - 100,00%
- Score 1 goal in Penalty Kill
Team Stat
Wiprows - Hits : 21 - Faceoff Wins : 37 - Blocked Shots : 17 - Penalty Minutes : 6
Ice Dragons - Hits : 29 - Faceoff Wins : 30 - Blocked Shots : 9 - Penalty Minutes : 4
Official
Referees : Rooney Chris and McCauley Wes
Linesman : Mark Wheler and Brad Kovachik
Game Notes
Shean Donovan has scored a Hat Trick!
Finance
Level 1 -- Attendance: 1391 (69,55%) -- Ticket Income 48 685 $
Level 2 -- Attendance: 707 (70,70%) -- Ticket Income 10 605 $
Total Attendance: 2098 (69,93%)
Total Ticket Income: 59 290 $
Other Income: 2 964 $
Total Income: 62 254 $
Wiprows
5 vs 5 Forward
Center Left Wing Right Wing Time % Phy DF OF
1 Jesse Winchester Jason Ryznar Pavel Brendl 40 1 2 2
2 Nazem Kadri Jiri Tlusty T.J. Oshie 30 1 2 2
3 Nick Bonino Brandon Bollig Jonathan Tremblay 20 1 2 2
4 Maxime Macenauer Matt Beleskey Brendon Segal 10 1 2 2
5 vs 5 Defense
Defense Defense Time % Phy DF OF
1 Matt Taormina Alec Martinez 40 1 2 2
2 Arturs Kulda Gord Baldwin 30 1 2 2
3 Thomas Hickey Matt Donovan 20 1 2 2
4 Oliver Lauridsen Kevin Connauton 10 1 2 2
PowerPlay Forward
Center Left Wing Right Wing Time % Phy DF OF
1 Jesse Winchester Jason Ryznar Pavel Brendl 60 1 2 2
2 Nazem Kadri Jiri Tlusty T.J. Oshie 40 1 2 2
PowerPlay Defense
Defense Defense Time % Phy DF OF
1 Matt Taormina Alec Martinez 60 1 2 2
2 Arturs Kulda Gord Baldwin 40 1 2 2
Penalty Kill 4 Players Forward
Center Wing Time % Phy DF OF
1 Pavel Brendl T.J. Oshie 60 1 2 2
2 Jesse Winchester Jonathan Tremblay 40 1 2 2
Penalty Kill 4 Players Defense
Defense Defense Time % Phy DF OF
1 Matt Taormina Alec Martinez 60 1 2 2
2 Arturs Kulda Gord Baldwin 40 1 2 2
Penalty Kill - 3 Players Forward
Forward Time % Phy DF OF
1 Pavel Brendl 60 1 2 2
2 T.J. Oshie 40 1 2 2
Penalty Kill - 3 Players Defense
Defense Defense Time % Phy DF OF
1 Matt Taormina Alec Martinez 60 1 2 2
2 Arturs Kulda Gord Baldwin 40 1 2 2
4 vs 4 Forward
Center Wing Time % Phy DF OF
1 Pavel Brendl T.J. Oshie 60 1 2 2
2 Jesse Winchester Jonathan Tremblay 40 1 2 2
4 vs 4 Defense
Defense Defense Time % Phy DF OF
1 Matt Taormina Alec Martinez 60 1 2 2
2 Arturs Kulda Gord Baldwin 40 1 2 2
Last Minutes Offensive
Center Left Wing Right Wing Defense Defense
Jesse Winchester Jason Ryznar Pavel Brendl Matt Taormina Alec Martinez
Last Minutes Defensive
Center Left Wing Right Wing Defense Defense
Jesse Winchester Jason Ryznar Pavel Brendl Matt Taormina Alec Martinez
Goaltenders
Starting : Braden Holtby
Backup : Thomas McCollum
Extra Forwards
Normal : Brendon Segal, Nick Bonino, Brandon Bollig - PP : Brendon Segal, Nick Bonino - PK : Brandon Bollig
Extra Defensemen
Normal : Thomas Hickey, Matt Donovan, Oliver Lauridsen - PP : Thomas Hickey - PK : Matt Donovan, Oliver Lauridsen
Penalty Shots
Pavel Brendl, T.J. Oshie, Jesse Winchester, Jonathan Tremblay, Nazem Kadri
Ice Dragons
5 vs 5 Forward
Center Left Wing Right Wing Time % Phy DF OF
1 Patrick O'Sullivan Jeff Tambellini Alexander Radulov 40 0 2 3
2 Marc-Antoine Pouliot Nigel Dawes Cal Clutterbuck 30 0 2 3
3 John Mitchell Oskar Osala Shean Donovan 20 0 2 3
4 Patrick O'Sullivan Troy Brouwer Raymond Sawada 10 0 3 2
5 vs 5 Defense
Defense Defense Time % Phy DF OF
1 Kevin Klein Jonathan Blum 40 0 2 3
2 Joe Callahan Tyler Eckford 30 0 2 3
3 Jonathan Blum Tomas Kudelka 20 1 3 1
4 Joe Callahan Samuel Groulx 10 1 3 1
PowerPlay Forward
Center Left Wing Right Wing Time % Phy DF OF
1 Patrick O'Sullivan Jeff Tambellini Alexander Radulov 60 1 1 3
2 Nigel Dawes Oskar Osala Cal Clutterbuck 40 1 1 3
PowerPlay Defense
Defense Defense Time % Phy DF OF
1 Joe Callahan Kevin Klein 60 0 2 3
2 Danny Syvret Jonathan Blum 40 0 2 3
Penalty Kill 4 Players Forward
Center Wing Time % Phy DF OF
1 Shean Donovan Oskar Osala 60 1 4 0
2 Jeff Tambellini Cal Clutterbuck 40 1 4 0
Penalty Kill 4 Players Defense
Defense Defense Time % Phy DF OF
1 Joe Callahan Kevin Klein 60 1 4 0
2 Danny Syvret Tyler Eckford 40 1 4 0
Penalty Kill - 3 Players Forward
Forward Time % Phy DF OF
1 Shean Donovan 60 1 4 0
2 Cal Clutterbuck 40 1 4 0
Penalty Kill - 3 Players Defense
Defense Defense Time % Phy DF OF
1 Joe Callahan Kevin Klein 60 0 5 0
2 Danny Syvret Tyler Eckford 40 0 5 0
4 vs 4 Forward
Center Wing Time % Phy DF OF
1 Shean Donovan Oskar Osala 60 0 2 3
2 John Mitchell Troy Brouwer 40 1 2 2
4 vs 4 Defense
Defense Defense Time % Phy DF OF
1 Tyler Eckford Kevin Klein 60 0 2 3
2 Danny Syvret Jonathan Blum 40 0 3 2
Last Minutes Offensive
Center Left Wing Right Wing Defense Defense
Patrick O'Sullivan Jeff Tambellini Alexander Radulov Joe Callahan Kevin Klein
Last Minutes Defensive
Center Left Wing Right Wing Defense Defense
Oskar Osala Jeff Tambellini Shean Donovan Joe Callahan Kevin Klein
Goaltenders
Starting : Anders Nilsson
Backup : Todd Ford
Extra Forwards
Normal : Cal Clutterbuck, Alexander Radulov, Troy Brouwer - PP : Nigel Dawes, Cal Clutterbuck - PK : Oskar Osala
Extra Defensemen
Normal : Jonathan Blum, Tyler Eckford, Danny Syvret - PP : Tomas Kudelka - PK : Jonathan Blum, Tyler Eckford
Penalty Shots
Nigel Dawes, Jeff Tambellini, Alexander Radulov, Troy Brouwer, Cal Clutterbuck
% Time on Ice - Wiprows
Lines # - Real PCT - Wanted PCT - Time Play
Normal Forward
1 - 35% - 40% - 17:44
2 - 27% - 30% - 13:30
3 - 21% - 20% - 10:40
4 - 16% - 10% - 8:11
Normal Defense
1 - 41% - 40% - 20:36
2 - 31% - 30% - 15:29
3 - 19% - 20% - 9:42
4 - 9% - 10% - 4:18
PP Forward
1 - 54% - 60% - 2:08
2 - 46% - 40% - 1:50
PP Defense
1 - 60% - 60% - 2:23
2 - 40% - 40% - 1:35
PK Forward
1 - 70% - 60% - 4:10
2 - 30% - 40% - 1:47
PK Defense
1 - 62% - 60% - 3:43
2 - 38% - 40% - 2:14
PK3 Forward
1 - 0% - 60%
2 - 0% - 40%
PK3 Defense
1 - 0% - 60%
2 - 0% - 40%
44 Forward
1 - 0% - 60%
2 - 0% - 40%
44 Defense
1 - 0% - 60%
2 - 0% - 40%
Last Minute Offensive - 0:00
Last Minute Defensive - 0:00
Total
Forward - 60:00
Defense - 60:00
|
% Time on Ice - Ice Dragons
Lines # - Real PCT - Wanted PCT - Time Play
Normal Forward
1 - 32% - 40% - 16:13
2 - 30% - 30% - 15:07
3 - 25% - 20% - 12:34
4 - 12% - 10% - 6:11
Normal Defense
1 - 39% - 40% - 19:19
2 - 34% - 30% - 16:55
3 - 15% - 20% - 7:37
4 - 12% - 10% - 6:14
PP Forward
1 - 50% - 60% - 2:59
2 - 50% - 40% - 2:58
PP Defense
1 - 51% - 60% - 3:01
2 - 49% - 40% - 2:56
PK Forward
1 - 76% - 60% - 3:00
2 - 24% - 40% - 0:58
PK Defense
1 - 62% - 60% - 2:28
2 - 38% - 40% - 1:30
PK3 Forward
1 - 0% - 60%
2 - 0% - 40%
PK3 Defense
1 - 0% - 60%
2 - 0% - 40%
44 Forward
1 - 0% - 60%
2 - 0% - 40%
44 Defense
1 - 0% - 60%
2 - 0% - 40%
Last Minute Offensive - 0:00
Last Minute Defensive - 0:00
Total
Forward - 60:00
Defense - 60:00
|
Play by Play
1st period
0:01 of 1st period - Jesse Winchester wins face-off versus Patrick O'Sullivan in neutral zone.
0:47 of 1st period - Jeff Tambellini is hit by Nick Bonino and loses puck.
0:58 of 1st period - Snap shot by Nick Bonino.
0:58 of 1st period - Deflect By Brandon Bollig.
0:58 of 1st period - Stopped by Anders Nilsson without a rebound.
0:59 of 1st period - Nazem Kadri wins face-off versus Marc-Antoine Pouliot in Ice Dragons zone.
1:24 of 1st period - Jesse Winchester is hit by Oskar Osala and loses puck.
1:31 of 1st period - Tyler Eckford is hit by Jesse Winchester and loses puck.
1:40 of 1st period - Joe Callahan is hit by Jesse Winchester and loses puck.
2:00 of 1st period - Icing by Jason Ryznar.
2:01 of 1st period - Jesse Winchester wins face-off versus Cal Clutterbuck in Wiprows zone.
2:07 of 1st period - Off-side.
2:08 of 1st period - Marc-Antoine Pouliot wins face-off versus Nazem Kadri in neutral zone.
2:11 of 1st period - Wrist shot by Nigel Dawes.
2:11 of 1st period - Shot Misses the Net.
2:17 of 1st period - Snap shot by Nigel Dawes.
2:17 of 1st period - Shot Misses the Net.
2:19 of 1st period - Slapshot by Tomas Kudelka.
2:19 of 1st period - Deflect By Nigel Dawes.
2:19 of 1st period - Shot Blocked by T.J. Oshie.
2:19 of 1st period - Puck is out of play.
2:20 of 1st period - Patrick O'Sullivan wins face-off versus Maxime Macenauer in Wiprows zone.
2:31 of 1st period - Joe Callahan is hit by Maxime Macenauer and loses puck.
2:56 of 1st period - Snap shot by Nigel Dawes.
2:56 of 1st period - Deflect By Marc-Antoine Pouliot.
2:56 of 1st period - Shot Misses the Net.
2:56 of 1st period - Puck is out of play.
2:57 of 1st period - Patrick O'Sullivan wins face-off versus Jesse Winchester in Wiprows zone.
3:22 of 1st period - Nazem Kadri is hit by Cal Clutterbuck and loses puck.
3:45 of 1st period - Wrist shot by Shean Donovan.
3:45 of 1st period - Shot Hit the Post.
3:47 of 1st period - Wrist shot by Shean Donovan.
3:47 of 1st period - Stopped by Braden Holtby without a rebound.
3:48 of 1st period - Jesse Winchester wins face-off versus John Mitchell in Wiprows zone.
4:42 of 1st period - Wrist shot by Nick Bonino.
4:42 of 1st period - Stopped by Anders Nilsson without a rebound.
4:43 of 1st period - Patrick O'Sullivan wins face-off versus Jason Ryznar in Ice Dragons zone.
4:52 of 1st period - Joe Callahan is hit by Pavel Brendl and loses puck.
5:19 of 1st period - Off-side.
5:20 of 1st period - Marc-Antoine Pouliot wins face-off versus Nazem Kadri in neutral zone.
5:23 of 1st period - Wrist shot by Cal Clutterbuck.
5:23 of 1st period - Shot Misses the Net.
5:25 of 1st period - Wrist shot by Marc-Antoine Pouliot.
5:25 of 1st period - Stopped by Braden Holtby with a rebound.
5:29 of 1st period - Slapshot by Cal Clutterbuck.
5:29 of 1st period - Shot Blocked by Gord Baldwin.
5:41 of 1st period - Wrist shot by Nigel Dawes.
5:41 of 1st period - Stopped by Braden Holtby without a rebound.
5:42 of 1st period - Maxime Macenauer wins face-off versus Patrick O'Sullivan in Wiprows zone.
6:11 of 1st period - Wrist shot by Nick Bonino.
6:11 of 1st period - Shot Misses the Net.
6:33 of 1st period - Wrist shot by Jesse Winchester.
6:33 of 1st period - Shot Blocked by Kevin Klein.
6:37 of 1st period - Slapshot by Jesse Winchester.
6:37 of 1st period - Stopped by Anders Nilsson without a rebound.
6:38 of 1st period - Nazem Kadri wins face-off versus Patrick O'Sullivan in Ice Dragons zone.
6:47 of 1st period - Snap shot by T.J. Oshie.
6:47 of 1st period - Shot Misses the Net.
7:03 of 1st period - Shean Donovan is hit by Matt Donovan and loses puck.
7:30 of 1st period - Slapshot by Troy Brouwer.
7:30 of 1st period - Shot Misses the Net.
7:42 of 1st period - Brendon Segal is hit by Cal Clutterbuck.
8:13 of 1st period - Slapshot by Shean Donovan.
8:13 of 1st period - Deflect By John Mitchell.
8:13 of 1st period - Shot Misses the Net.
8:13 of 1st period - Puck is out of play.
8:14 of 1st period - Patrick O'Sullivan wins face-off versus Jesse Winchester in Wiprows zone.
8:30 of 1st period - Off-side.
8:31 of 1st period - Nigel Dawes wins face-off versus Nazem Kadri in neutral zone.
8:34 of 1st period - Jiri Tlusty is hit by Joe Callahan and loses puck.
8:39 of 1st period - Snap shot by Nigel Dawes.
8:39 of 1st period - Shot Misses the Net.
8:41 of 1st period - Slapshot by Joe Callahan.
8:41 of 1st period - Stopped by Braden Holtby without a rebound.
8:42 of 1st period - Jesse Winchester wins face-off versus Patrick O'Sullivan in Wiprows zone.
8:55 of 1st period - Snap shot by Jesse Winchester.
8:55 of 1st period - Shot Misses the Net.
9:19 of 1st period - Snap shot by Marc-Antoine Pouliot.
9:19 of 1st period - Stopped by Braden Holtby with a rebound.
9:36 of 1st period - Alec Martinez is hit by Joe Callahan and loses puck.
9:58 of 1st period - Snap shot by Brendon Segal.
9:58 of 1st period - Deflect By Joe Callahan.
9:58 of 1st period - Shot Blocked by Samuel Groulx.
9:58 of 1st period - Puck is out of play.
9:59 of 1st period - Jesse Winchester wins face-off versus Patrick O'Sullivan in Ice Dragons zone.
10:00 of 1st period - Slapshot by Pavel Brendl.
10:00 of 1st period - Shot Blocked by Kevin Klein.
10:02 of 1st period - Slapshot by Jason Ryznar.
10:02 of 1st period - Shot Misses the Net.
10:04 of 1st period - Wrist shot by Jason Ryznar.
10:04 of 1st period - Shot Blocked by Alexander Radulov.
10:06 of 1st period - Slapshot by Jesse Winchester.
10:06 of 1st period - Goal by Jesse Winchester - Wiprows : 1 - Ice Dragons : 0.
10:07 of 1st period - Jesse Winchester wins face-off versus Patrick O'Sullivan in neutral zone.
10:32 of 1st period - Matt Taormina is hit by Cal Clutterbuck and loses puck.
10:51 of 1st period - Nick Bonino is hit by John Mitchell and loses puck.
10:58 of 1st period - Snap shot by Nick Bonino.
10:58 of 1st period - Shot Misses the Net.
11:00 of 1st period - Snap shot by Brandon Bollig.
11:00 of 1st period - Shot Blocked by Joe Callahan.
11:12 of 1st period - Tyler Eckford is hit by Arturs Kulda and loses puck.
11:25 of 1st period - Minor Penalty to Troy Brouwer for Hooking.
11:26 of 1st period - Jesse Winchester wins face-off versus Shean Donovan in Ice Dragons zone.
12:01 of 1st period - Snap shot by Cal Clutterbuck.
12:01 of 1st period - Goal by Cal Clutterbuck - Wiprows : 1 - Ice Dragons : 1.
12:02 of 1st period - Jesse Winchester wins face-off versus Shean Donovan in neutral zone.
12:13 of 1st period - Off-side.
12:14 of 1st period - Shean Donovan wins face-off versus Jesse Winchester in neutral zone.
13:05 of 1st period - Jason Ryznar is hit by Tyler Eckford and loses puck.
13:25 of 1st period - Penalty to Troy Brouwer is over, Troy Brouwer is back on ice.
13:35 of 1st period - Minor Penalty to Troy Brouwer for Tripping.
13:36 of 1st period - Nazem Kadri wins face-off versus Shean Donovan in Ice Dragons zone.
13:39 of 1st period - Snap shot by Nazem Kadri.
13:39 of 1st period - Stopped by Anders Nilsson with a rebound.
13:41 of 1st period - Slapshot by Matt Taormina.
13:41 of 1st period - Stopped by Anders Nilsson without a rebound.
13:42 of 1st period - Shean Donovan wins face-off versus Nazem Kadri in Ice Dragons zone.
14:11 of 1st period - Slapshot by Joe Callahan.
14:11 of 1st period - Shot Blocked by Jason Ryznar.
15:31 of 1st period - T.J. Oshie is hit by Nigel Dawes and loses puck.
15:35 of 1st period - Penalty to Troy Brouwer is over, Troy Brouwer is back on ice.
15:48 of 1st period - Jonathan Blum is hit by Brandon Bollig.
16:04 of 1st period - Gord Baldwin is hit by Tomas Kudelka and loses puck.
16:09 of 1st period - Wrist shot by Nigel Dawes.
16:09 of 1st period - Shot Misses the Net.
16:11 of 1st period - Slapshot by Joe Callahan.
16:11 of 1st period - Deflect By Marc-Antoine Pouliot.
16:11 of 1st period - Stopped by Braden Holtby with a rebound.
16:27 of 1st period - Slapshot by Arturs Kulda.
16:27 of 1st period - Shot Misses the Net.
16:29 of 1st period - Snap shot by Brendon Segal.
16:29 of 1st period - Shot Misses the Net.
16:44 of 1st period - Icing by Jesse Winchester.
16:45 of 1st period - Patrick O'Sullivan wins face-off versus Jesse Winchester in Wiprows zone.
17:12 of 1st period - Wrist shot by Marc-Antoine Pouliot.
17:12 of 1st period - Shot Blocked by Matt Donovan.
17:14 of 1st period - Wrist shot by Nigel Dawes.
17:14 of 1st period - Shot Blocked by Thomas Hickey.
17:16 of 1st period - Snap shot by Nigel Dawes.
17:16 of 1st period - Stopped by Braden Holtby without a rebound.
17:17 of 1st period - Patrick O'Sullivan wins face-off versus Pavel Brendl in Wiprows zone.
17:46 of 1st period - Icing by Jiri Tlusty.
17:47 of 1st period - Marc-Antoine Pouliot wins face-off versus Nazem Kadri in Wiprows zone.
17:52 of 1st period - Snap shot by Nigel Dawes.
17:52 of 1st period - Stopped by Braden Holtby with a rebound.
18:02 of 1st period - Snap shot by Nigel Dawes.
18:02 of 1st period - Stopped by Braden Holtby with a rebound.
18:12 of 1st period - Matt Taormina is hit by Oskar Osala and loses puck.
18:17 of 1st period - Slapshot by John Mitchell.
18:17 of 1st period - Stopped by Braden Holtby without a rebound.
18:18 of 1st period - Jesse Winchester wins face-off versus John Mitchell in Wiprows zone.
18:33 of 1st period - Snap shot by Pavel Brendl.
18:33 of 1st period - Stopped by Anders Nilsson with a rebound.
19:27 of 1st period - Wrist shot by Pavel Brendl.
19:27 of 1st period - Deflect By Jason Ryznar.
19:27 of 1st period - Stopped by Anders Nilsson with a rebound.
19:43 of 1st period - Troy Brouwer is hit by Brendon Segal and loses puck.
19:48 of 1st period - Wrist shot by Matt Beleskey.
19:48 of 1st period - Shot Misses the Net.
19:50 of 1st period - Slapshot by Maxime Macenauer.
19:50 of 1st period - Stopped by Anders Nilsson with a rebound.
19:52 of 1st period - Snap shot by Arturs Kulda.
19:52 of 1st period - Shot Blocked by Patrick O'Sullivan.
19:54 of 1st period - Wrist shot by Matt Beleskey.
19:54 of 1st period - Stopped by Anders Nilsson without a rebound.
19:55 of 1st period - Jesse Winchester wins face-off versus Marc-Antoine Pouliot in Ice Dragons zone.
Goals for this period are 1 for Wiprows vs 1 for Ice Dragons.
Shots for this period are 10 for Wiprows vs 11 for Ice Dragons.
2nd period
0:01 of 2nd period - Patrick O'Sullivan wins face-off versus Jason Ryznar in neutral zone.
0:10 of 2nd period - Jason Ryznar is hit by Alexander Radulov and loses puck.
0:25 of 2nd period - Matt Taormina is hit by Shean Donovan and loses puck.
0:34 of 2nd period - Slapshot by Oskar Osala.
0:34 of 2nd period - Shot Misses the Net.
0:36 of 2nd period - Snap shot by Shean Donovan.
0:36 of 2nd period - Deflect By Oskar Osala.
0:36 of 2nd period - Stopped by Braden Holtby with a rebound.
0:38 of 2nd period - Slapshot by Oskar Osala.
0:38 of 2nd period - Stopped by Braden Holtby without a rebound.
0:39 of 2nd period - Nazem Kadri wins face-off versus Patrick O'Sullivan in Wiprows zone.
1:28 of 2nd period - Brendon Segal is hit by Shean Donovan and loses puck.
1:51 of 2nd period - Wrist shot by Jeff Tambellini.
1:51 of 2nd period - Shot Blocked by Matt Taormina.
2:30 of 2nd period - Snap shot by Shean Donovan.
2:30 of 2nd period - Goal by Shean Donovan - Wiprows : 1 - Ice Dragons : 2.
2:31 of 2nd period - Patrick O'Sullivan wins face-off versus Jesse Winchester in neutral zone.
2:34 of 2nd period - Slapshot by Alexander Radulov.
2:34 of 2nd period - Shot Misses the Net.
2:42 of 2nd period - Wrist shot by Alexander Radulov.
2:42 of 2nd period - Shot Blocked by Matt Taormina.
2:46 of 2nd period - Snap shot by Patrick O'Sullivan.
2:46 of 2nd period - Stopped by Braden Holtby with a rebound.
2:58 of 2nd period - Alec Martinez is hit by Kevin Klein and loses puck.
3:13 of 2nd period - Arturs Kulda is hit by Cal Clutterbuck and loses puck.
3:50 of 2nd period - Slapshot by Nigel Dawes.
3:50 of 2nd period - Shot Blocked by Nazem Kadri.
3:52 of 2nd period - Slapshot by Kevin Klein.
3:52 of 2nd period - Shot Blocked by Nazem Kadri.
4:08 of 2nd period - Snap shot by Jiri Tlusty.
4:08 of 2nd period - Shot Blocked by Cal Clutterbuck.
4:24 of 2nd period - Wrist shot by Nigel Dawes.
4:24 of 2nd period - Stopped by Braden Holtby with a rebound.
4:26 of 2nd period - Snap shot by Nigel Dawes.
4:26 of 2nd period - Deflect By Marc-Antoine Pouliot.
4:26 of 2nd period - Shot Blocked by Nazem Kadri.
4:26 of 2nd period - Puck is out of play.
4:27 of 2nd period - Patrick O'Sullivan wins face-off versus Jesse Winchester in Wiprows zone.
4:36 of 2nd period - Slapshot by Pavel Brendl.
4:36 of 2nd period - Shot Misses the Net.
4:52 of 2nd period - Jonathan Tremblay is hit by Tyler Eckford and loses puck.
5:18 of 2nd period - Snap shot by Brendon Segal.
5:18 of 2nd period - Stopped by Anders Nilsson without a rebound.
5:19 of 2nd period - Jesse Winchester wins face-off versus Oskar Osala in Ice Dragons zone.
5:24 of 2nd period - Wrist shot by Pavel Brendl.
5:24 of 2nd period - Stopped by Anders Nilsson without a rebound.
5:25 of 2nd period - John Mitchell wins face-off versus Jesse Winchester in Ice Dragons zone.
5:37 of 2nd period - Minor Penalty to Thomas Hickey for Boarding.
5:38 of 2nd period - Pavel Brendl wins face-off versus Patrick O'Sullivan in Wiprows zone.
5:46 of 2nd period - T.J. Oshie is hit by Jeff Tambellini and loses puck.
7:13 of 2nd period - Alexander Radulov is hit by Jonathan Tremblay and loses puck.
7:28 of 2nd period - Jonathan Tremblay is hit by Nigel Dawes and loses puck.
7:37 of 2nd period - Penalty to Thomas Hickey is over, Thomas Hickey is back on ice.
7:45 of 2nd period - Jonathan Blum is hit by Matt Beleskey and loses puck.
10:21 of 2nd period - Icing by Jesse Winchester.
10:22 of 2nd period - Jesse Winchester wins face-off versus Marc-Antoine Pouliot in Wiprows zone.
10:31 of 2nd period - Snap shot by Matt Beleskey.
10:31 of 2nd period - Stopped by Anders Nilsson without a rebound.
10:32 of 2nd period - Maxime Macenauer wins face-off versus John Mitchell in Ice Dragons zone.
11:05 of 2nd period - Patrick O'Sullivan is hit by Brendon Segal and loses puck.
11:46 of 2nd period - Icing by Matt Taormina.
11:47 of 2nd period - Nazem Kadri wins face-off versus Patrick O'Sullivan in Wiprows zone.
12:14 of 2nd period - Snap shot by Marc-Antoine Pouliot.
12:14 of 2nd period - Shot Misses the Net.
12:16 of 2nd period - Slapshot by Tyler Eckford.
12:16 of 2nd period - Stopped by Braden Holtby with a rebound.
12:42 of 2nd period - Oskar Osala is hit by Jesse Winchester and loses puck.
12:53 of 2nd period - Snap shot by Pavel Brendl.
12:53 of 2nd period - Stopped by Anders Nilsson without a rebound.
12:54 of 2nd period - Nazem Kadri wins face-off versus Patrick O'Sullivan in Ice Dragons zone.
13:02 of 2nd period - Off-side.
13:03 of 2nd period - Nazem Kadri wins face-off versus Patrick O'Sullivan in neutral zone.
13:10 of 2nd period - Wrist shot by Nazem Kadri.
13:10 of 2nd period - Deflect By Jiri Tlusty.
13:10 of 2nd period - Shot Misses the Net.
13:10 of 2nd period - Puck is out of play.
13:11 of 2nd period - Jesse Winchester wins face-off versus Patrick O'Sullivan in Ice Dragons zone.
13:12 of 2nd period - Snap shot by Pavel Brendl.
13:12 of 2nd period - Shot Misses the Net.
13:14 of 2nd period - Snap shot by Arturs Kulda.
13:14 of 2nd period - Stopped by Anders Nilsson with a rebound.
13:16 of 2nd period - Slapshot by Jason Ryznar.
13:16 of 2nd period - Stopped by Anders Nilsson with a rebound.
13:18 of 2nd period - Slapshot by Arturs Kulda.
13:18 of 2nd period - Stopped by Anders Nilsson without a rebound.
13:19 of 2nd period - Patrick O'Sullivan wins face-off versus Jesse Winchester in Ice Dragons zone.
13:30 of 2nd period - Slapshot by Jesse Winchester.
13:30 of 2nd period - Shot Misses the Net.
13:32 of 2nd period - Slapshot by Arturs Kulda.
13:32 of 2nd period - Shot Misses the Net.
13:34 of 2nd period - Slapshot by Gord Baldwin.
13:34 of 2nd period - Deflect By Pavel Brendl.
13:34 of 2nd period - Stopped by Anders Nilsson without a rebound.
13:35 of 2nd period - Nick Bonino wins face-off versus Marc-Antoine Pouliot in Ice Dragons zone.
14:14 of 2nd period - Slapshot by Oskar Osala.
14:14 of 2nd period - Shot Blocked by Matt Taormina.
14:21 of 2nd period - Icing by Matt Taormina.
14:22 of 2nd period - Nick Bonino wins face-off versus Patrick O'Sullivan in Wiprows zone.
14:35 of 2nd period - Slapshot by Kevin Klein.
14:35 of 2nd period - Stopped by Braden Holtby with a rebound.
14:54 of 2nd period - Marc-Antoine Pouliot is hit by Jiri Tlusty and loses puck.
15:13 of 2nd period - Shean Donovan is hit by Brendon Segal and loses puck.
15:28 of 2nd period - Gord Baldwin is hit by Troy Brouwer and loses puck.
15:51 of 2nd period - Minor Penalty to Nick Bonino for Holding.
15:52 of 2nd period - Pavel Brendl wins face-off versus Patrick O'Sullivan in Wiprows zone.
16:01 of 2nd period - T.J. Oshie is hit by Jeff Tambellini and loses puck.
16:33 of 2nd period - Gord Baldwin is hit by Danny Syvret and loses puck.
17:11 of 2nd period - Jeff Tambellini is hit by Jesse Winchester and loses puck.
17:51 of 2nd period - Penalty to Nick Bonino is over, Nick Bonino is back on ice.
17:58 of 2nd period - Snap shot by Troy Brouwer.
17:58 of 2nd period - Shot Misses the Net.
Goals for this period are 0 for Wiprows vs 1 for Ice Dragons.
Shots for this period are 8 for Wiprows vs 7 for Ice Dragons.
3rd period
0:01 of 3rd period - Patrick O'Sullivan wins face-off versus Jesse Winchester in neutral zone.
0:08 of 3rd period - Pavel Brendl is hit by Jeff Tambellini and loses puck.
0:30 of 3rd period - Snap shot by Joe Callahan.
0:30 of 3rd period - Shot Blocked by Nick Bonino.
0:59 of 3rd period - Wrist shot by Nigel Dawes.
0:59 of 3rd period - Shot Misses the Net.
1:01 of 3rd period - Slapshot by Cal Clutterbuck.
1:01 of 3rd period - Shot Misses the Net.
1:11 of 3rd period - Oskar Osala is hit by Thomas Hickey and loses puck.
1:24 of 3rd period - Shean Donovan is hit by Jesse Winchester.
1:56 of 3rd period - Joe Callahan is hit by Brandon Bollig and loses puck.
2:30 of 3rd period - Snap shot by Pavel Brendl.
2:30 of 3rd period - Stopped by Anders Nilsson without a rebound.
2:31 of 3rd period - Nick Bonino wins face-off versus Troy Brouwer in Ice Dragons zone.
2:32 of 3rd period - Slapshot by Matt Taormina.
2:32 of 3rd period - Stopped by Anders Nilsson with a rebound.
2:34 of 3rd period - Snap shot by Brandon Bollig.
2:34 of 3rd period - Stopped by Anders Nilsson with a rebound.
3:01 of 3rd period - Snap shot by Pavel Brendl.
3:01 of 3rd period - Stopped by Anders Nilsson without a rebound.
3:02 of 3rd period - Jesse Winchester wins face-off versus Patrick O'Sullivan in Ice Dragons zone.
3:17 of 3rd period - Wrist shot by Pavel Brendl.
3:17 of 3rd period - Stopped by Anders Nilsson with a rebound.
3:27 of 3rd period - Nazem Kadri is hit by Cal Clutterbuck and loses puck.
3:45 of 3rd period - Icing by Cal Clutterbuck.
3:46 of 3rd period - Jonathan Tremblay wins face-off versus John Mitchell in Ice Dragons zone.
4:30 of 3rd period - Snap shot by John Mitchell.
4:30 of 3rd period - Deflect By Oskar Osala.
4:30 of 3rd period - Stopped by Braden Holtby with a rebound.
4:32 of 3rd period - Slapshot by Jonathan Blum.
4:32 of 3rd period - Deflect By Alec Martinez.
4:32 of 3rd period - Stopped by Braden Holtby with a rebound.
4:34 of 3rd period - Wrist shot by Shean Donovan.
4:34 of 3rd period - Shot Blocked by Alec Martinez.
4:36 of 3rd period - Slapshot by Jonathan Blum.
4:36 of 3rd period - Shot Misses the Net.
4:38 of 3rd period - Wrist shot by John Mitchell.
4:38 of 3rd period - Goal by John Mitchell - Wiprows : 1 - Ice Dragons : 3.
4:39 of 3rd period - Patrick O'Sullivan wins face-off versus Jesse Winchester in neutral zone.
4:46 of 3rd period - Wrist shot by Jeff Tambellini.
4:46 of 3rd period - Shot Misses the Net.
6:03 of 3rd period - Snap shot by Pavel Brendl.
6:03 of 3rd period - Goal by Pavel Brendl - Wiprows : 2 - Ice Dragons : 3.
6:04 of 3rd period - Jesse Winchester wins face-off versus Patrick O'Sullivan in neutral zone.
6:11 of 3rd period - Slapshot by Jeff Tambellini.
6:11 of 3rd period - Shot Blocked by Arturs Kulda.
6:13 of 3rd period - Snap shot by Jeff Tambellini.
6:13 of 3rd period - Shot Blocked by Arturs Kulda.
6:55 of 3rd period - Snap shot by Brendon Segal.
6:55 of 3rd period - Shot Misses the Net.
6:57 of 3rd period - Snap shot by Matt Beleskey.
6:57 of 3rd period - Stopped by Anders Nilsson with a rebound.
6:59 of 3rd period - Wrist shot by Matt Beleskey.
6:59 of 3rd period - Stopped by Anders Nilsson with a rebound.
7:01 of 3rd period - Snap shot by Maxime Macenauer.
7:01 of 3rd period - Deflect By Matt Beleskey.
7:01 of 3rd period - Stopped by Anders Nilsson without a rebound.
7:02 of 3rd period - Patrick O'Sullivan wins face-off versus Jesse Winchester in Ice Dragons zone.
7:56 of 3rd period - Slapshot by Oskar Osala.
7:56 of 3rd period - Stopped by Braden Holtby without a rebound.
7:57 of 3rd period - Alexander Radulov wins face-off versus Jesse Winchester in Wiprows zone.
7:58 of 3rd period - Snap shot by Jeff Tambellini.
7:58 of 3rd period - Stopped by Braden Holtby with a rebound.
8:00 of 3rd period - Slapshot by Jonathan Blum.
8:00 of 3rd period - Deflect By Alexander Radulov.
8:00 of 3rd period - Shot Misses the Net.
8:00 of 3rd period - Puck is out of play.
8:01 of 3rd period - Patrick O'Sullivan wins face-off versus Jesse Winchester in Wiprows zone.
8:04 of 3rd period - Snap shot by Alexander Radulov.
8:04 of 3rd period - Shot Misses the Net.
8:06 of 3rd period - Wrist shot by Alexander Radulov.
8:06 of 3rd period - Shot Misses the Net.
8:08 of 3rd period - Snap shot by Patrick O'Sullivan.
8:08 of 3rd period - Stopped by Braden Holtby with a rebound.
8:10 of 3rd period - Snap shot by Jonathan Blum.
8:10 of 3rd period - Stopped by Braden Holtby with a rebound.
8:14 of 3rd period - Slapshot by Kevin Klein.
8:14 of 3rd period - Shot Misses the Net.
8:16 of 3rd period - Slapshot by Kevin Klein.
8:16 of 3rd period - Shot Blocked by Alec Martinez.
8:49 of 3rd period - Jonathan Blum is hit by Gord Baldwin and loses puck.
8:54 of 3rd period - Snap shot by Shean Donovan.
8:54 of 3rd period - Goal by Shean Donovan - Wiprows : 2 - Ice Dragons : 4.
8:55 of 3rd period - Patrick O'Sullivan wins face-off versus Jason Ryznar in neutral zone.
9:02 of 3rd period - Snap shot by Jeff Tambellini.
9:02 of 3rd period - Stopped by Braden Holtby without a rebound.
9:03 of 3rd period - Patrick O'Sullivan wins face-off versus Jesse Winchester in Wiprows zone.
9:54 of 3rd period - Slapshot by Matt Beleskey.
9:54 of 3rd period - Shot Blocked by Nigel Dawes.
9:58 of 3rd period - Snap shot by Brendon Segal.
9:58 of 3rd period - Stopped by Anders Nilsson with a rebound.
10:00 of 3rd period - Slapshot by Arturs Kulda.
10:00 of 3rd period - Stopped by Anders Nilsson with a rebound.
10:16 of 3rd period - Wrist shot by Jason Ryznar.
10:16 of 3rd period - Stopped by Anders Nilsson with a rebound.
10:18 of 3rd period - Wrist shot by Pavel Brendl.
10:18 of 3rd period - Stopped by Anders Nilsson without a rebound.
10:19 of 3rd period - Jesse Winchester wins face-off versus Patrick O'Sullivan in Ice Dragons zone.
11:10 of 3rd period - Jonathan Blum is hit by Pavel Brendl and loses puck.
11:19 of 3rd period - Wrist shot by Pavel Brendl.
11:19 of 3rd period - Shot Blocked by Tomas Kudelka.
12:05 of 3rd period - Wrist shot by Nick Bonino.
12:05 of 3rd period - Stopped by Anders Nilsson with a rebound.
12:37 of 3rd period - Slapshot by Nazem Kadri.
12:37 of 3rd period - Deflect By Jiri Tlusty.
12:37 of 3rd period - Stopped by Anders Nilsson without a rebound.
12:38 of 3rd period - Nick Bonino wins face-off versus Marc-Antoine Pouliot in Ice Dragons zone.
13:05 of 3rd period - Wrist shot by Alexander Radulov.
13:05 of 3rd period - Stopped by Braden Holtby with a rebound.
13:07 of 3rd period - Wrist shot by Alexander Radulov.
13:07 of 3rd period - Stopped by Braden Holtby without a rebound.
13:08 of 3rd period - Patrick O'Sullivan wins face-off versus Nazem Kadri in Wiprows zone.
13:17 of 3rd period - Wrist shot by Jeff Tambellini.
13:17 of 3rd period - Stopped by Braden Holtby without a rebound.
13:18 of 3rd period - Nazem Kadri wins face-off versus Patrick O'Sullivan in Wiprows zone.
13:25 of 3rd period - Wrist shot by Patrick O'Sullivan.
13:25 of 3rd period - Goal by Patrick O'Sullivan - Wiprows : 2 - Ice Dragons : 5.
13:26 of 3rd period - Patrick O'Sullivan wins face-off versus Jesse Winchester in neutral zone.
13:36 of 3rd period - Snap shot by Alexander Radulov.
13:36 of 3rd period - Stopped by Braden Holtby without a rebound.
13:37 of 3rd period - Jesse Winchester wins face-off versus Patrick O'Sullivan in Wiprows zone.
13:37 of 3rd period - Jesse Winchester is hit by Jonathan Blum.
13:51 of 3rd period - Pavel Brendl is hit by Patrick O'Sullivan and loses puck.
14:02 of 3rd period - Jason Ryznar is hit by John Mitchell and loses puck.
14:40 of 3rd period - Arturs Kulda is hit by Tyler Eckford and loses puck.
14:59 of 3rd period - Wrist shot by Alexander Radulov.
14:59 of 3rd period - Goal by Alexander Radulov - Wiprows : 2 - Ice Dragons : 6.
15:00 of 3rd period - Jesse Winchester wins face-off versus Patrick O'Sullivan in neutral zone.
16:07 of 3rd period - Slapshot by Kevin Klein.
16:07 of 3rd period - Shot Blocked by Brendon Segal.
16:09 of 3rd period - Backhand shot by Jeff Tambellini.
16:09 of 3rd period - Stopped by Braden Holtby without a rebound.
16:10 of 3rd period - Brendon Segal wins face-off versus Patrick O'Sullivan in Wiprows zone.
16:38 of 3rd period - Snap shot by John Mitchell.
16:38 of 3rd period - Stopped by Braden Holtby with a rebound.
16:40 of 3rd period - Snap shot by Shean Donovan.
16:40 of 3rd period - Stopped by Braden Holtby with a rebound.
16:42 of 3rd period - Slapshot by Samuel Groulx.
16:42 of 3rd period - Deflect By Shean Donovan.
16:42 of 3rd period - Goal by Shean Donovan - Wiprows : 2 - Ice Dragons : 7.
16:43 of 3rd period - Alexander Radulov wins face-off versus Pavel Brendl in neutral zone.
16:53 of 3rd period - Off-side.
16:54 of 3rd period - Jesse Winchester wins face-off versus Patrick O'Sullivan in neutral zone.
16:59 of 3rd period - Slapshot by Matt Taormina.
16:59 of 3rd period - Shot Misses the Net.
17:01 of 3rd period - Snap shot by Jesse Winchester.
17:01 of 3rd period - Stopped by Anders Nilsson with a rebound.
17:03 of 3rd period - Slapshot by Jason Ryznar.
17:03 of 3rd period - Shot Misses the Net.
17:05 of 3rd period - Snap shot by Jesse Winchester.
17:05 of 3rd period - Stopped by Anders Nilsson without a rebound.
17:06 of 3rd period - Alexander Radulov wins face-off versus Jesse Winchester in Ice Dragons zone.
17:13 of 3rd period - Slapshot by Kevin Klein.
17:13 of 3rd period - Deflect By Matt Taormina.
17:13 of 3rd period - Stopped by Braden Holtby without a rebound.
17:14 of 3rd period - Patrick O'Sullivan wins face-off versus Jesse Winchester in Wiprows zone.
17:24 of 3rd period - Minor Penalty to Matt Taormina for Holding.
17:25 of 3rd period - Patrick O'Sullivan wins face-off versus Pavel Brendl in Wiprows zone.
17:59 of 3rd period - Wrist shot by Cal Clutterbuck.
17:59 of 3rd period - Stopped by Braden Holtby with a rebound.
18:01 of 3rd period - Slapshot by Jonathan Blum.
18:01 of 3rd period - Stopped by Braden Holtby with a rebound.
18:35 of 3rd period - Gord Baldwin is hit by Oskar Osala and loses puck.
19:24 of 3rd period - Penalty to Matt Taormina is over, Matt Taormina is back on ice.
Goals for this period are 1 for Wiprows vs 5 for Ice Dragons.
Shots for this period are 17 for Wiprows vs 22 for Ice Dragons.
Output by the SimonT Hockey Simulator (STHS) for François Prévost -- Original Page W3C XHTML 1.0 Valid